 Dungeon Crawl Stone Soup version 0.28.0-1-gb440e238dd (webtiles) character file.

Game seed: 12899422401443320111

125 Snicker the Sneak (level 4, -7/35 HPs)
             Began as a Demonspawn Delver on Feb 21, 2022.
             Killed from afar by a white imp (10 damage)
             ... with a puff of frost
             ... on level 7 of the Dungeon.
             The game lasted 00:01:44 (556 turns).

Snicker the Sneak (Demonspawn Delver)                Turns: 556, Time: 00:01:44

Health: -7/35      AC:  3    Str: 13    XL:     4   Next: 82%
Magic:  4/4        EV: 12    Int: 11    God:
Gold:   7          SH:  0    Dex: 16    Spells: 3/3 levels left

rFire   . . .      SeeInvis .   a - +0 short sword
rCold   . . .      Faith    .   (no shield)
rNeg    . . .      Spirit   .   b - +0 leather armour
rPois   .          Reflect  .   (helmet restricted)
rElec   .          Harm     .   (no cloak)
rCorr   .          Rampage  .   (no gloves)
Will    .....                   (no boots)
Stlth   +++.......              (no amulet)
HPRegen 0.11/turn               (no ring)
MPRegen 0.09/turn               (no ring)

@: brilliant
A: antennae 1, spiny 1
a: no special abilities


You were on level 7 of the Dungeon.
You visited 1 branch of the dungeon, and saw 3 of its levels.

You collected 7 gold pieces.

Inventory:

Hand Weapons
 a - a +0 short sword (weapon)
Armour
 b - a +0 leather armour (worn)
Wands
 g - a wand of digging (3)
Scrolls
 c - a scroll of fog
 d - a scroll of magic mapping
 e - a scroll of fear
 h - a scroll of immolation {unknown}
 j - a scroll of enchant weapon {unknown}
 k - a scroll of acquirement {unknown}
Potions
 f - a potion of haste


   Skills:
 + Level 3.2 Fighting
 * Level 2.5 Short Blades
 + Level 0.4 Armour
 + Level 1.9 Dodging
 * Level 6.0 Stealth


You had 3 spell levels left.
You didn't know any spells.
Your spell library was empty.

Dungeon Overview and Level Annotations

Branches:
Dungeon (7/15)
 Temple: D:4-7

Altars:


Innate Abilities, Weirdness & Mutations

You have a pair of small antennae on your head.
You are partially covered in sharp spines.


Message History

An orc comes into view. It is wielding a +0 short sword.
You closely miss the hound.
The hound is heavily wounded.
The hound bites you.
You hit the hound.
The hound is heavily wounded.
The hound completely misses you. The hound is struck by your spines.
The hound bites you.
Unknown command.
You barely miss the hound.
The hound is almost dead.
The white imp hits you but does no damage.
The hound is struck by your spines.
You kill the hound!
Your Stealth skill increases to level 6!
You hit the white imp.
The white imp is lightly wounded.
The white imp gestures at you. The puff of frost hits you.
* * * LOW HITPOINT WARNING * * *
You closely miss the white imp.
The white imp is lightly wounded.
The white imp is struck by your spines. The white imp hits you.
* * * LOW HITPOINT WARNING * * *
The white imp freezes you.
* * * LOW HITPOINT WARNING * * *
It was a potion of brilliance.
You feel clever all of a sudden.
An orc wizard comes into view. It is wielding a +0 dagger.
The white imp barely misses you.
Unknown command.
You hit the white imp.
The white imp is heavily wounded.
The white imp hits you.
* * * LOW HITPOINT WARNING * * *
The white imp freezes you.
* * * LOW HITPOINT WARNING * * *
The white imp gestures at you. The puff of frost hits you!
You die...

#########
#.......#
#.......#
#.......#
#....5..#
#....o.@#
.......####
####...
#.>. o....
.#.#.. .
..... ..
...


You could see a white imp and an orc.

Vanquished Creatures
  A hound (D:7)
  A jelly (D:6)
  A centaur skeleton (D:6)
  A bullfrog skeleton (D:6)
  An adder (D:6)
5 creatures vanquished.

Notes
Turn   | Place    | Note
-------+----------+-------------------------------------------
     0 | D:5      | Snicker the Demonspawn Delver began the quest for the Orb.
     0 | D:5      | Reached XP level 1. HP: 18/18 MP: 1/1
     8 | D:5      | Noticed a killer bee
     8 | D:5      | Noticed a killer bee
    12 | D:5      | Noticed a killer bee
    39 | D:6      | Reached skill level 5 in Stealth
    39 | D:6      | Gained mutation: You are partially covered in sharp spines.
                  | [demonic ancestry]
    39 | D:6      | Reached XP level 2. HP: 5/24 MP: 2/2
   403 | D:6      | Reached XP level 3. HP: 29/29 MP: 3/3
   419 | D:6      | Noticed an ice beast
   427 | D:6      | Gained mutation: You have a pair of small antennae on your
                  | head. [demonic ancestry]
   427 | D:6      | Reached XP level 4. HP: 34/35 MP: 4/4
   552 | D:7      | Reached skill level 6 in Stealth
   556 | D:7      | Killed from afar by a white imp

Illustrated notes

Levels and vault maps discovered:
D:5:      layout_gridville, mainiacjoe_overflow_tiny_flanked,
          grunt_temple_overflow_open, ebering_ghost_sewer_f
D:6:      layout_loops_ring, gammafunk_temple_overflow_claw,
          nicolae_tso_carved_into_rock, serial_shops, nicolae_shop_behind_doors,
          abandoned_shop
D:7:      layout_basic, serial_shops, nicolae_inconvenience_store

Skill      XL: |  1  2  3  4 |
---------------+-------------+-----
Short Blades   | 2 |  2.5
Stealth        | 5 6 |  6.0
Fighting       | |  3.2
Armour         | |  0.4
Dodging        | |  1.9

Action                   |  1- 3 |  4- 6 || total
-------------------------+-------+-------++-------
Melee: Short sword       |    21 |     8 ||    29
       Punch             |     2 |       ||     2
  Use: Potion            |       |     1 ||     1
 Stab: Sleeping          |     2 |       ||     2
Armor: Leather armour    |     2 |     1 ||     3
Dodge: Dodged            |    16 |     5 ||    21
